 Dungeon Crawl Stone Soup version 0.29.1-13-g9f3cf754e1 (webtiles) character file.

Game seed: 13796265403901816635

17 daybreaker the Trooper (level 2, 18/26 HPs)
             Began as a Draconian Berserker on Feb 6, 2023.
             Was a Follower of Trog.
             Quit the game on level 3 of the Dungeon.
             The game lasted 00:05:01 (705 turns).

daybreaker the Trooper (Draconian Berserker)         Turns: 705, Time: 00:05:02

Health: 18/26      AC:  5    Str: 19    XL:     2   Next: 44%
Magic:  2/2        EV: 12    Int:  7    God:    Trog [*.....]
Gold:   41         SH:  0    Dex: 10    Spells: 1/1 levels left

rFire   . . .      SeeInvis .   a - +0 hand axe
rCold   . . .      Faith    .   (no shield)
rNeg    . . .      Spirit   .   (body armour unavailable)
rPois   .          Reflect  .   (helmet restricted)
rElec   .          Harm     .   i - +0 cloak
rCorr   .          Rampage  .   (no gloves)
Will    .....                   (no boots)
Stlth   +.........              (no amulet)
HPRegen 0.08/turn               (no ring)
MPRegen 0.08/turn               (no ring)

@: no status effects
A: AC +4, unfitting armour, cold-blooded
a: Renounce Religion, Berserk


You were on level 3 of the Dungeon.
You worshipped Trog.
Trog was aware of your devotion.
You visited 1 branch of the dungeon, and saw 3 of its levels.

You collected 41 gold pieces.

Inventory:

Hand Weapons
 a - a +0 hand axe (weapon)
 b - a +0 sling
Missiles
 e - 12 stones (quivered)
Armour
 i - a +0 cloak (worn)
Scrolls
 f - a scroll of blinking {unknown}
 k - a scroll of teleportation {unknown}
Potions
 c - a potion of degeneration {unknown}
 d - 2 potions of haste {unknown}
 g - a potion of flight {unknown}
 h - a potion of cancellation {unknown}
 j - 2 potions of curing {unknown}


   Skills:
 + Level 3.5 Fighting
 + Level 3.2 Axes
 + Level 3.1 Dodging


You had one spell level left.
You didn't know any spells.
Your spell library was empty.

Dungeon Overview and Level Annotations

Branches:
Dungeon (2/15)

Altars:
Kikubaaqudgha


Innate Abilities, Weirdness & Mutations

Your plain brown scales are hard. (AC +4)
You cannot fit into any form of body armour.
You are cold-blooded and may be slowed by cold attacks.


Message History

A kobold comes into view. It is wielding a +0 club.
The bat hits you but does no damage.
You hit the hobgoblin but do no damage. The bat hits you but does no damage.
The hobgoblin closely misses you. The bat hits you but does no damage.
You barely miss the hobgoblin. You closely miss the bat. The bat misses you.
The hobgoblin barely misses you.
You hit the hobgoblin.
The hobgoblin is severely wounded.
You hit the bat but do no damage. The bat barely misses you.
The hobgoblin closely misses you. The bat barely misses you.
The hobgoblin hits you but does no damage.
You hit the hobgoblin but do no damage. You tail-slap the hobgoblin.
The hobgoblin is almost dead.
You hit the bat but do no damage. The bat closely misses you.
The hobgoblin misses you.
You slash the hobgoblin!
You kill the hobgoblin!
Trog accepts your kill.
You hit the kobold.
You kill the kobold!
Trog accepts your kill. The bat hits you but does no damage.
You slash the bat!
You kill the bat!
Trog accepts your kill.
You see here a +0 club.
There is a shaft here.
You fall into a shaft and drop 1 floor!
The shaft crumbles and collapses.
Found 2 gold pieces and 8 stones.
You now have 41 gold pieces (gained 2).
e - 12 stones (gained 8)
There are no items here.
You open the door.
Found an ancient bone altar of Kikubaaqudgha.
There is an open door here.
Unknown command.
Unknown command.
Unknown command.
Are you sure you want to abandon this character and quit the game? (Confirm with "yes".)

#. ######+#### #
#. #.+....§§.+
#.##.##.#.≈...≈.#
........#.≈._§§.#
#....#.≈..@≈.#
#....'.......+
#....####+####
#.........#
.####........##
..............#
#.#############


There were no monsters in sight!

Vanquished Creatures
  2 ball pythons
  4 bats
  3 endoplasms
  A goblin (D:2)
  2 hobgoblins
  A frilled lizard (D:2)
  2 kobolds (D:2)
15 creatures vanquished.

Notes
Turn   | Place    | Note
-------+----------+-------------------------------------------
     0 | D:1      | daybreaker the Draconian Berserker began the quest for the
                  | Orb.
     0 | D:1      | Reached XP level 1. HP: 19/19 MP: 1/1
   400 | D:1      | Reached XP level 2. HP: 26/26 MP: 2/2
   681 | D:2      | You fall into a shaft and drop 1 floor!
   698 | D:3      | Found an ancient bone altar of Kikubaaqudgha.
   705 | D:3      | Quit the game

Illustrated notes

Levels and vault maps discovered:
D:1:      ncdulo_halloftheorcs, layout_basic,
          dreamdust_ecumenical_altar_hidden_monk_grotto
D:2:      minmay_razor_zed, layout_basic, uniq_sigmund
D:3:      lemuel_castle_with_subvaults [lemuel_castle_interior_carwin_2],
          layout_loops_cross, mainiacjoe_overflow_six_doors_small,
          nicolae_figureground_sparkle, uniq_crazy_yiuf_cottage

Skill      XL: |  1 |
---------------+----+-----
Dodging        | 3 |  3.1
Fighting       | |  3.5
Axes           | |  3.2

Action                   || total
-------------------------++-------
Melee: Hand axe          ||    32
       Tailslap          ||     4
 Stab: Sleeping          ||     1
Armor: Skin              ||    19
Dodge: Dodged            ||    51
